 Dungeon Sprint DCSS version 0.25-a0-292-gaa31f046c4 (webtiles) character file.

Game seed: 13812261330218915141, levelgen mode: deterministic

17985 Baz the Fencer (level 12, -1/124 HPs)
             Began as a Minotaur Gladiator on Dec 15, 2019.
             Was the Champion of the Shining One.
             Killed from afar by a frost giant (8 damage)
             ... with a bolt of cold
             ... in the Dungeon (Sprint V: "Ziggurat Sprint").
             The game lasted 00:09:20 (1075 turns).

Baz the Fencer (Minotaur Gladiator)                 Turns: 1075, Time: 00:09:21

Health: -1/124     AC: 30    Str: 20    XL:     12   Next: 23%
Magic:  0/26       EV: 19    Int:  5    God:    the Shining One [******]
Gold:   0          SH:  9    Dex: 25    Spells: 11/11 levels left

rFire    + . .     SeeInvis .   S - +4 great sword (holy)
rCold    + + .     Gourm    .   (shield currently unavailable)
rNeg     + + +     Faith    .   H - +5 gold dragon scales
rPois    +         Spirit   +   W - +2 hat of the Bear Spirit {Spirit, +Rage rN+ MR++}
rElec    .         Reflect  .   b - +1 cloak {MR+}
rCorr    .         Harm     .   (no gloves)
MR       +++..     NoTele   +   (no boots)
Stlth    ..........             (no amulet)
HPRegen  0.30/turn              R - ring of protection from cold
MPRegen  0.20/turn              T - ring "Mulam" {rPois MP+9 Str-2 Dex+6 Stlth+}

@: agile, divine shield, hasted, glowing, very quick
A: retaliatory headbutt, horns 2
a: Divine Shield, Cleansing Flame, Summon Divine Warrior, Brand Weapon With Holy
Wrath, Renounce Religion, Evoke Berserk Rage


You were in the Dungeon.
You worshipped the Shining One.
The Shining One was exalted by your worship.
You were hungry.

You visited 1 branch

Inventory:

Hand Weapons
 c - a +2 double sword of electrocution
 I - the +7 Singing Sword {slice, sonic wave}
   (You found it in the Dungeon)

   It inflicts extra damage upon your enemies.
 J - the +0 sword of Power
   (You found it in the Dungeon)
 L - a +5 triple sword of freezing
 S - a +4 great sword of holy wrath (weapon)
Missiles
 d - 3 throwing nets (quivered)
Armour
 b - a +1 cloak of magic resistance (worn)
 H - +5 gold dragon scales (worn)
 W - the +2 hat of the Bear Spirit (worn) {Spirit, +Rage rN+ MR++}
   (You found it in the Dungeon)

   It protects you from negative energy.
   It affects your resistance to hostile enchantments.
   It lets you go berserk.
Jewellery
 a - an uncursed ring of fire
 x - an uncursed ring of flight
 y - a +6 ring of dexterity
 z - a +6 ring of dexterity
 B - a +6 ring of intelligence
 C - a +6 ring of strength
 M - the ring of Ifo Dem {Wiz rC+ rN+++ Str+3 Stlth-}
   (You found it in the Dungeon)

   [ring of wizardry]

   It improves your spell success rate.
   It affects your strength (+3).
   It protects you from cold.
   It renders you almost immune to negative energy.
   It makes you less stealthy.
 O - an uncursed ring of see invisible
 P - an uncursed ring of protection from magic
 Q - the ring "Oshrar" {rElec rPois Str-3 Dex-5 Stlth+}
   (You found it in the Dungeon)

   [ring of stealth]

   It affects your strength (-3).
   It affects your dexterity (-5).
   It insulates you from electricity.
   It protects you from poison.
   It makes you more stealthy.
 R - a ring of protection from cold (left hand)
 T - the ring "Mulam" (right hand) {rPois MP+9 Str-2 Dex+6 Stlth+}
   (You found it in the Dungeon)

   [ring of magical power]

   It affects your strength (-2).
   It affects your dexterity (+6).
   It protects you from poison.
   It affects your magic capacity (+9).
   It makes you more stealthy.
Wands
 E - a wand of disintegration (7)
 F - a wand of iceblast (6)
 G - a wand of acid (5)
Scrolls
 k - 4 scrolls of blinking
 r - 4 scrolls of amnesia
 s - 7 scrolls of fog
 t - a scroll of holy word
 u - 5 scrolls of identify
 v - 5 scrolls of remove curse
 w - 2 scrolls of fear
 V - 4 scrolls of enchant weapon
Potions
 e - 10 potions of curing
 g - 8 potions of heal wounds
 h - 5 potions of haste
 i - 7 potions of magic
 j - 2 potions of berserk rage
 l - 2 potions of brilliance
 m - 2 potions of invisibility
 n - 4 potions of resistance
 p - 4 potions of agility
 q - 5 potions of might
Miscellaneous
 o - a phial of floods
 A - a lamp of fire
 D - 2 phantom mirrors
 K - a lightning rod (4/4)
 U - a crystal ball of energy
Comestibles
 f - 8 rations


   Skills:
 + Level 16.8 Fighting
 + Level 17.0 Long Blades
 - Level 2.0 Throwing
 + Level 16.6 Armour
 + Level 15.7 Dodging
   Level 5.5 Ice Magic
 + Level 8.6 Invocations
 - Level 5.4 Evocations


You had 11 spell levels left.
You didn't know any spells.
Your spell library contained the following spells:

 Spells                   Type           Power        Failure   Level  Hunger
 Corona                   Hex            #......      100%        1    ##.....
 Pain                     Necr           #...         100%        1    ##.....
 Ensorcelled Hibernation  Hex/Ice        #.....       100%        2    ###....
 Sublimation of Blood     Necr           #.........   100%        2    ###....
 Confuse                  Hex            #.......     100%        3    ####...
 Dazzling Flash           Conj/Hex       #.....       100%        3    ####...
 Gell's Gravitas          Tloc           #.........   100%        3    ####...
 Portal Projectile        Hex/Tloc       #.....       100%        3    ####...
 Recall                   Summ/Tloc      N/A          100%        3    ####...
 Tukima's Dance           Hex            #.......     100%        3    ####...
 Animate Dead             Necr           N/A          100%        4    #####..
 Borgnjor's Vile Clutch   Necr/Erth      #.........   100%        5    ######.
 Excruciating Wounds      Chrm/Necr      #.........   100%        5    ######.
 Irradiate                Conj/Tmut      #.........   100%        5    ######.
 Death Channel            Necr           #.........   100%        6    #######
 Dispersal                Tloc           #.........   100%        6    #######
 Hydra Form               Tmut           #.........   100%        6    #######
 Simulacrum               Ice/Necr       #.........   100%        6    #######
 Statue Form              Tmut/Erth      #........    100%        6    #######
 Dragon Form              Tmut           #.........   100%        7    #######
 Controlled Blink         Tloc           N/A          100%        8    #######
 Disjunction              Tloc           #.........   100%        8    #######


Dungeon Overview and Level Annotations

Branches:
Dungeon (1/1)

Altars:
Ashenzari
Cheibriados
Dithmenos
Elyvilon
Fedhas
Gozag
Hepliaklqana
Kikubaaqudgha
Makhleb
Nemelex Xobeh
Okawaru
Qazlal
Ru
Sif Muna
Trog
Uskayaw
Vehumet
Wu Jian
Xom
Yredelemnul
Zin
The Shining One
Beogh
Jiyva
Lugonu


Innate Abilities, Weirdness & Mutations

You reflexively headbutt those who attack you in melee.
You have a pair of horns on your head.


Message History

You slash the frost giant!
You headbutt the frost giant, but do no damage.
The frost giant is severely wounded.
The frost giant points at you and mumbles some strange words.
The bolt of cold hits you! You resist.
* * * LOW HITPOINT WARNING * * *
The polar bear closely misses you. You furiously retaliate!
You headbutt the polar bear! You block the polar bear's attack.
The polar bear completely misses you.
Unknown command.
Unknown command.
You barely miss the blizzard demon.
The polar bear bites you but does no damage.
The polar bear misses you. The polar bear barely misses you.
The ice beast closely misses you.
The polar bear bites you but does no damage.
The polar bear claws you but does no damage. x2
The frost giant casts a spell at you. The bolt of cold hits you! You resist.
You die...

▓▓▓▓▓▓▓▓
▓...)}|))...▓...8©8.
▓...........▓..)|:)|
▓...........▓...)[..
▓...........▓.......
▓...........▓.......
▓..ZC.......▓.......
▓.Y▓C2...▓..▓....†..
▓.2@hW......▓.▓.....
▓..hh.©.....▓....©..
▓▓▓▓▓▓▓▓▓▓▓▓▓▓▓▓▓▓▓▓
▓...8©8...▓...8©8...
▓...[|.}).▓..[[|})..
▓..).).)..▓..=:|=[..
▓.........▓.........
▓.........▓.........
▓.........▓.........


You could see 2 frost giants, 2 blizzard demons, 3 polar bears, a freezing
wraith and an ice beast.

Vanquished Creatures
  A deep elf demonologist (D)
  2 death oozes (D)
  A fire dragon (D)
  An ice dragon (D)
  2 great orbs of eyes (D)
  A hydra (D)
  2 two-headed ogres (D)
  A dancing weapon (D)
  An orc high priest (D)
  A deep elf knight (D)
  A spriggan druid (D)
  A swamp dragon (D)
  A deep elf archer (D)
  3 deep elf magi (D)
  A cyclops (D)
  4 toenail golems (D)
  An eye of devastation (D)
  2 rime drakes (D)
  An ice devil (D)
  2 trolls (D)
  A polar bear (shapeshifter) (D)
  3 slime creatures (D)
  2 tarantellas (D)
  2 fire elementals (D)
  A golden eye (D)
  2 steam dragons (D)
  An acid dragon (D)
  A swamp drake (D)
  A phantom (D)
  2 ogres (D)
  5 black bears (D)
  2 necrophages (D)
  3 wolves (D)
  2 scorpions (D)
  2 wights (D)
  A jelly (D)
  An ooze (D)
  2 adder zombies (D)
  4 adder skeletons (D)
  A bat simulacrum (D)
  3 bat skeletons (D)
  2 bat zombies (D)
  A giant cockroach zombie (D)
  A leopard gecko skeleton (D)
  A quokka skeleton (D)
77 creatures vanquished.

Notes
Turn   | Place    | Note
-------+----------+-------------------------------------------
     0 | D        | Baz the Minotaur Gladiator began the quest for the Orb.
     0 | D        | Reached XP level 1. HP: 18/18 MP: 0/0
     0 | D        | Found a shimmering blue altar of Sif Muna.
     0 | D        | Found a sacrificial altar of Ru.
     0 | D        | Found a bloodstained altar of Trog.
     0 | D        | Found a stormy altar of Qazlal.
     0 | D        | Found an iron altar of Okawaru.
     0 | D        | Found a sparkling altar of Nemelex Xobeh.
     0 | D        | Found a blossoming altar of Fedhas.
     1 | D        | Found the +6 Majin-Bo {vamp, Archmagi MP+6 Int+6}
     1 | D        | Found the +7 great mace "Firestarter" {inner flame, rF++}
     2 | D        | Found a transporter.
     2 | D        | Found an ancient bone altar of Kikubaaqudgha.
     2 | D        | Found a viscous altar of Jiyva.
     2 | D        | Found a corrupted altar of Lugonu.
     2 | D        | Found a hazy altar of Hepliaklqana.
     2 | D        | Found a burning altar of Makhleb.
     2 | D        | Found an opulent altar of Gozag.
    44 | D        | Found the +9 heavy crossbow "Sniper" {velocity, Acc+∞ SInv}
    44 | D        | Found the +10 dark maul {crush}
    44 | D        | Found the +15 Maxwell's patent armour {-Cast -Tele rElec
                  | MR+ rCorr}
    44 | D        | Found the +18 shield of the Gong {rElec rN+ MR+ EV-5}
    44 | D        | Found the cursed +14 obsidian axe {chop, +Fly SInv *Curse}
    45 | D        | Found the +6 shillelagh "Devastator" {shatter}
    45 | D        | Found the +11 plutonium sword {*Contam Stlth-}
    45 | D        | Found the +8 lance "Wyrmbane" {slay drac, rPois rF+ rC+
                  | AC+3}
    45 | D        | Found the +9 sword of Zonguldrok {reap}
    45 | D        | Found the cursed +13 scythe of Curses {drain, *Curse}
    45 | D        | Found the +0 sword of Power
    45 | D        | Found the +7 mace of Variability {chain chaos}
    45 | D        | Found the +7 Singing Sword {slice, sonic wave}
    45 | D        | Found the +8 storm bow {elec, penet}
    64 | D        | Became a worshipper of the Shining One
    65 | D        | Reached skill level 5 in Ice Magic
    65 | D        | Reached XP level 2. HP: 25/25 MP: 1/1
    78 | D        | Entered arena 2.
    78 | D        | Noticed a polar bear
    78 | D        | Noticed a deep elf demonologist
    78 | D        | Found a transporter.
    79 | D        | Identified the +5 battleaxe of Wewasmit {chop, Int+3}
    84 | D        | Noticed a smoke demon
    84 | D        | Killed a deep elf demonologist
    84 | D        | Reached * piety under the Shining One
    84 | D        | Reached skill level 10 in Long Blades
    84 | D        | Reached XP level 3. HP: 45/45 MP: 2/2
    84 | D        | Reached XP level 4. HP: 51/51 MP: 3/3
    84 | D        | Reached XP level 5. HP: 58/58 MP: 4/4
    84 | D        | Reached XP level 6. HP: 66/66 MP: 5/5
    84 | D        | Reached XP level 7. HP: 71/71 MP: 6/6
    84 | D        | Killed a polar bear
    84 | D        | Reached skill level 10 in Fighting
    84 | D        | Reached XP level 8. HP: 79/79 MP: 7/7
   147 | D        | Entered arena 3.
   147 | D        | Found a transporter.
   149 | D        | Reached skill level 10 in Armour
   151 | D        | Reached skill level 10 in Dodging
   165 | D        | Got the ring of Ifo Dem {Wiz rC+ rN+++ Str+3 Stlth-}
   180 | D        | Entered arena 4.
   180 | D        | Noticed a toenail golem
   180 | D        | Reached ** piety under the Shining One
   180 | D        | Noticed a toenail golem
   180 | D        | Noticed a toenail golem
   180 | D        | Noticed a toenail golem
   180 | D        | Found a transporter.
   184 | D        | Killed a toenail golem
   184 | D        | Reached skill level 11 in Long Blades
   186 | D        | Killed a toenail golem
   186 | D        | Reached XP level 9. HP: 89/89 MP: 8/8
   186 | D        | Killed a toenail golem
   186 | D        | Reached skill level 12 in Long Blades
   186 | D        | Killed a toenail golem
   216 | D        | Entered arena 5.
   216 | D        | Reached *** piety under the Shining One
   216 | D        | Found a transporter.
   248 | D        | Entered arena 6.
   248 | D        | Reached **** piety under the Shining One
   248 | D        | Found a transporter.
   249 | D        | Reached ***** piety under the Shining One
   270 | D        | Entered arena 7.
   270 | D        | Noticed a spriggan druid
   270 | D        | Reached ****** piety under the Shining One
   276 | D        | Killed a spriggan druid
   276 | D        | Reached skill level 13 in Long Blades
   278 | D        | Reached XP level 10. HP: 97/101 MP: 8/11
   280 | D        | Found a transporter.
   296 | D        | Got the ring "Oshrar" {rElec rPois Str-3 Dex-5 Stlth+}
   318 | D        | Entered arena 8.
   319 | D        | Found the +10 Black Knight's horse barding {ponderous,
                  | rPois rN+}
   322 | D        | Found a transporter.
   341 | D        | Got the ring of Rationality {Ice Str+3}
   351 | D        | Entered arena 9.
   351 | D        | Noticed a two-headed ogre
   351 | D        | Noticed a cyclops
   351 | D        | Noticed a two-headed ogre
   352 | D        | Found the +8 mithril axe "Arga" {speed, MR+}
   358 | D        | Killed a two-headed ogre
   361 | D        | Killed a two-headed ogre
   361 | D        | Reached skill level 14 in Long Blades
   369 | D        | Reached skill level 5 in Evocations
   375 | D        | Killed a cyclops
   381 | D        | Found a transporter.
   545 | D        | Got the ring "Mulam" {rPois MP+9 Str-2 Dex+6 Stlth+}
   554 | D        | Entered arena 10.
   558 | D        | Found a transporter.
   585 | D        | Entered arena 11.
   585 | D        | Noticed a deep elf archer
   585 | D        | Noticed a +6 dire flail of protection
   585 | D        | Noticed a deep elf mage
   585 | D        | Noticed a deep elf knight
   585 | D        | Noticed an orc high priest
   585 | D        | Noticed a deep elf mage
   585 | D        | Noticed a deep elf mage
   586 | D        | Identified the +6 double sword of Kasateegg {antimagic,
                  | *Rage rF+++}
   588 | D        | Noticed a smoke demon
   590 | D        | Killed a +6 dire flail of protection
   591 | D        | Killed a deep elf knight
   591 | D        | Reached XP level 11. HP: 105/111 MP: 14/14
   591 | D        | Killed a deep elf mage
   591 | D        | Killed a deep elf mage
   591 | D        | Reached skill level 15 in Long Blades
   594 | D        | Killed an orc high priest
   594 | D        | Reached skill level 15 in Fighting
   595 | D        | Found a transporter.
   596 | D        | Killed a deep elf archer
   597 | D        | Killed a deep elf mage
   597 | D        | Reached skill level 15 in Armour
   597 | D        | Reached skill level 5 in Invocations
   604 | D        | Got the amulet "Symihaw" {Inacc rC+ Int+2}
   656 | D        | Entered arena 12.
   656 | D        | Noticed a seven-headed hydra
   656 | D        | Noticed a swamp dragon
   656 | D        | Noticed a fire dragon
   656 | D        | Noticed an ice dragon
   657 | D        | Found the +2 hat of the Bear Spirit {Spirit, +Rage rN+
                  | MR++}
   663 | D        | Killed a swamp dragon
   665 | D        | Killed a fire dragon
   667 | D        | Killed an eight-headed hydra
   667 | D        | Reached skill level 16 in Long Blades
   669 | D        | Killed an ice dragon
   669 | D        | Reached skill level 15 in Dodging
   671 | D        | Found a transporter.
  1005 | D        | Entered arena 13.
  1005 | D        | Noticed a death ooze
  1005 | D        | Noticed a great orb of eyes
  1005 | D        | Noticed a great orb of eyes
  1013 | D        | Killed a death ooze
  1016 | D        | Noticed a death ooze
  1017 | D        | Killed a great orb of eyes
  1017 | D        | Reached XP level 12. HP: 123/123 MP: 16/16
  1017 | D        | Killed a great orb of eyes
  1023 | D        | Killed a death ooze
  1024 | D        | Found a transporter.
  1048 | D        | Got the Almanac of Sinister Rites
  1054 | D        | Entered arena 14.
  1055 | D        | Noticed a blizzard demon
  1055 | D        | Noticed a blizzard demon
  1055 | D        | Noticed a frost giant
  1058 | D        | Noticed a frost giant
  1068 | D        | Reached skill level 17 in Long Blades
  1075 | D        | Killed from afar by a frost giant

Levels and vault maps discovered:
D:        sprint_v [room_start, room_1, room_2, room_3, room_4, room_5, room_6,
          room_7, room_8, room_9, room_10, room_11, room_12, room_13, room_14,
          room_15, room_16, room_17, room_18, room_19, room_20, room_21,
          room_22, room_23, room_24, room_25, room_26, room_27]

Skill      XL: |  1  2  3  4  5  6  7  8  9 10 11 12 |
---------------+-------------------------------------+-----
Ice Magic      | 5 |  5.5
Fighting       | 9 10 11 13 14 16 | 16.8
Long Blades    | 10 11 13 14 16 17 | 17.0
Armour         | 9 11 12 14 16 | 16.6
Dodging        | 9 11 12 13 15 | 15.7
Evocations     | 2 5 |  5.4
Invocations    | 2 7 8 |  8.6
Throwing       | |  2.0

Action                   |  1- 3 |  4- 6 |  7- 9 | 10-12 || total
-------------------------+-------+-------+-------+-------++-------
Melee: Long sword        |     3 |       |       |       ||     3
       Headbutt          |     2 |       |     6 |    16 ||    24
       Double sword      |       |       |    16 |    31 ||    47
       Triple sword      |       |       |     5 |    27 ||    32
       Great sword       |       |       |       |     7 ||     7
Invok: Divine Shield     |       |       |       |     1 ||     1
Evoke: Wand              |     2 |       |       |     1 ||     3
  Use: Potion            |     2 |       |       |     4 ||     6
       Scroll            |       |       |     1 |       ||     1
Armor: Gold dragon scale |     4 |       |    19 |    71 ||    94
Dodge: Dodged            |     4 |       |    14 |    85 ||   103
Block: Other             |       |       |       |     7 ||     7
       Rpst.: Double sword |       |       |     4 |     3 ||     7
       Triple sword      |       |       |     2 |     4 ||     6
       Great sword       |       |       |       |     4 ||     4

Table legend:
 A = Non-vault XP
 B = Vault XP
 C = Vault XP percentage of total XP
 D = Non-vault monster count
 E = Vault monster count
 F = Vault count percentage of total count
                 A         B        C        D         E       F
            +---------+---------+-------+---------+---------+-------
      Total |       0 |   25681 | 100.0 |       0 |      77 | 100.0
            +---------+---------+-------+---------+---------+-------
          D |       0 |   25681 | 100.0 |       0 |      77 | 100.0
            +---------+---------+-------+---------+---------+-------
